 Dungeon Crawl Stone Soup version 0.29-a0-344-ge2f44be95a (webtiles) character file.

Game seed: 13983236078458336762

693 Morbidden the Ruffian (level 7, -6/67 HPs)
             Began as a Troll Monk on Apr 22, 2022.
             Mangled by an ice beast (12 damage)
             ... on level 6 of the Dungeon.
             The game lasted 00:03:59 (4055 turns).

Morbidden the Ruffian (Troll Monk)                  Turns: 4055, Time: 00:03:59

Health: -6/67      AC:  1    Str: 20    XL:     7   Next: 37%
Magic:  7/7        EV: 10    Int:  8    God:
Gold:   262        SH:  0    Dex: 12    Spells: 5/8 levels left

rFire   . . .      SeeInvis .     - Unarmed
rCold   . . .      Faith    .   (no shield)
rNeg    . . .      Spirit   .   a - +1 robe
rPois   .          Reflect  .   (helmet restricted)
rElec   .          Harm     .   (no cloak)
rCorr   .          Rampage  .   (gloves unavailable)
Will    .....                   (boots unavailable)
Stlth   +.........              (no amulet)
HPRegen 1.01/turn               (no ring)
MPRegen 0.10/turn               (no ring)

@: confused, ambrosia-drunk, corroded
A: large, unfitting armour, claws 3, regeneration 1, shaggy fur 1, tough skin 1
a: no special abilities


You were on level 6 of the Dungeon.
You visited 2 branches of the dungeon, and saw 7 of its levels.

You collected 262 gold pieces.

Inventory:

Missiles
 n - 5 javelins
 t - 3 silver boomerangs (quivered)
Armour
 a - a +1 robe (worn)
Wands
 r - a wand of flame (16)
 s - a wand of digging (5)
Scrolls
 d - 12 scrolls of identify
 g - a scroll of vulnerability
 h - 2 scrolls of enchant armour
 i - a scroll of teleportation
 j - a scroll of immolation {unknown}
Potions
 b - a potion of ambrosia
 c - 2 potions of lignification {unknown}
 e - 4 potions of attraction {unknown}
 f - 2 potions of brilliance {unknown}
 k - a potion of heal wounds {unknown}
 l - a potion of haste {unknown}
 m - 2 potions of degeneration {unknown}
 o - 3 potions of curing {unknown}
 p - a potion of might {unknown}
 q - a potion of berserk rage {unknown}


   Skills:
 * Level 3.5 Fighting
 * Level 3.6 Dodging
 + Level 1.4 Stealth
 * Level 6.1 Unarmed Combat
 * Level 1.3 Spellcasting
 * Level 1.5 Conjurations


You had 5 spell levels left.
You knew the following spells:

 Your Spells              Type           Power      Damage    Failure   Level
a - Magic Dart            Conj           12%        1d3       21%         1
b - Searing Ray           Conj           6%         2d4       30%         2

Your spell library contained the following spells:

 Spells                   Type           Power      Damage    Failure   Level
 Shock                    Conj/Air       4%         1d3       28%         1
 Animate Skeleton         Necr           0%         N/A       36%         1
 Pain                     Necr           0%         1d4       36%         1
 Blink                    Tloc           0%         N/A       52%         2
 Swiftness                Air            0%         N/A       75%         3
 Vampiric Draining        Necr           0%         2d6       75%         3
 Fulminant Prism          Conj/Hex       0%         3d6       95%         4
 Iskenderun's Mystic Bla  Conj/Tloc      1%         2d3       95%         4
 Airstrike                Air            0%         N/A       98%         4
 Lee's Rapid Deconstruct  Erth           0%         3d5*      100%        5
 Manifold Assault         Tloc           0%         N/A       100%        5
 Storm Form               Tmut/Air       0%         N/A       100%        7


Dungeon Overview and Level Annotations

Branches:
Dungeon (6/15)             Temple (1/1) D:4

Altars:
Ashenzari
Cheibriados
Elyvilon
Gozag
Hepliaklqana
Makhleb
Nemelex Xobeh
Okawaru
Qazlal
Ru
Sif Muna
Trog
Uskayaw
Vehumet
Wu Jian
Xom
Yredelemnul
Zin
The Shining One


Innate Abilities, Weirdness & Mutations

You are too large for most types of armour.
You have claws for hands.
Your natural rate of healing is unusually fast.
You are covered in fur. (AC +1)
You have tough skin. (AC +1)


Message History

You are too injured to fight recklessly!
You are too injured to fight recklessly!
You are too injured to fight recklessly!
You are too injured to fight recklessly!
You are too injured to fight recklessly!
You are too injured to fight recklessly!
You are too injured to fight recklessly!
You are too injured to fight recklessly!
You are too injured to fight recklessly!
You are too injured to fight recklessly!
You are too injured to fight recklessly!
You are too injured to fight recklessly!
You are too injured to fight recklessly!
You are too injured to fight recklessly!
You are too injured to fight recklessly!
You are too injured to fight recklessly!
You are too injured to fight recklessly!
You are too injured to fight recklessly!
You are too injured to fight recklessly!
You are too injured to fight recklessly!
You are too injured to fight recklessly!
You closely miss the ice beast. The ice beast hits you.
The ice beast freezes you! The howler monkey hits you.
* * * LOW HITPOINT WARNING * * *
You scratch the ice beast but do no damage.
The howler monkey closely misses you. The ice beast hits you.
* * * LOW HITPOINT WARNING * * *
The ice beast freezes you!
* * * LOW HITPOINT WARNING * * *
Unknown command.
You closely miss the ice beast.
A hound comes into view.
The howler monkey hits you.
* * * LOW HITPOINT WARNING * * *
Unknown command.
You are confused.
You feel invigorated. The ice beast hits you.
* * * LOW HITPOINT WARNING * * *
The ice beast freezes you!
You die...

###### ###
#####....#...#
###(..#....#...#.#
#.........)......?
###....>....@Y...#.
#.......#....h.#....
#................#.#
#......##...........
##....#######....#.#
#....# .......
#....# .h...#.#
#....#####.........
#............


You could see an ice beast, a howler monkey and a hound.

Vanquished Creatures
  A black bear (D:5)
  An ogre (D:5)
  A water moccasin zombie (D:5)
  A howler monkey (D:4)
  A crimson imp (D:5)
  A hound (D:5)
  A jelly (D:6)
  2 orc priests (D:5)
  An iguana (D:4)
  An orc wizard (D:5)
  A hound zombie (D:5)
  6 gnolls
  2 adders
  A shadow imp (D:5)
  A white imp (D:5)
  2 worms
  6 dart slugs
  7 orcs
  11 ball pythons
  4 endoplasms
  4 giant cockroaches
  8 goblins
  8 hobgoblins
  7 jackals
  4 kobolds
  2 quokkas
  4 bats
  4 frilled lizards
  4 rats
97 creatures vanquished.

Vanquished Creatures (collateral kills)
  An endoplasm (D:4)
1 creature vanquished.

Grand Total: 98 creatures vanquished

Notes
Turn   | Place    | Note
-------+----------+-------------------------------------------
     0 | D:1      | Morbidden the Troll Monk began the quest for the Orb.
     0 | D:1      | Reached XP level 1. HP: 22/22 MP: 0/0
    35 | D:1      | Reached XP level 2. HP: 21/29 MP: 1/1
   293 | D:1      | Reached XP level 3. HP: 36/36 MP: 2/2
   407 | D:1      | Found a faded altar of an unknown god.
  1101 | D:2      | Learned a level 1 spell: Magic Dart
  1289 | D:2      | Reached XP level 4. HP: 45/45 MP: 3/3
  1525 | D:3      | Found a radiant altar of Vehumet.
  1592 | D:3      | Found an iron altar of Okawaru.
  1594 | D:3      | Found an ornate altar of the Wu Jian Council.
  1736 | D:3      | Learned a level 2 spell: Searing Ray
  2142 | D:4      | Found a staircase to the Ecumenical Temple.
  2155 | Temple   | Entered the Ecumenical Temple
  2273 | D:4      | Reached skill level 4 in Unarmed Combat
  2368 | D:4      | Found a snail-covered altar of Cheibriados.
  2577 | D:4      | Noticed a +0 spear
  2578 | D:4      | Noticed a +0 dagger
  2579 | D:4      | Noticed a +0 short sword
  2579 | D:4      | Noticed a +0 dagger
  2579 | D:4      | Noticed a +0 falchion
  2580 | D:4      | Noticed a +0 falchion
  2580 | D:4      | Noticed a +0 spear
  2580 | D:4      | Noticed a +0 short sword
  2604 | D:4      | Found a hide-covered altar of Uskayaw.
  2862 | D:4      | Reached XP level 5. HP: 53/53 MP: 4/4
  2919 | D:5      | Entered Level 5 of the Dungeon
  3274 | D:5      | Noticed a black bear
  3423 | D:5      | Killed a black bear
  3424 | D:5      | Reached skill level 5 in Unarmed Combat
  3424 | D:5      | Reached skill level 1 in Spellcasting
  3424 | D:5      | Reached skill level 1 in Conjurations
  3424 | D:5      | Reached XP level 6. HP: 34/61 MP: 6/6
  3443 | D:5      | Found a shimmering altar of Xom.
  3592 | D:5      | Found a burning altar of Makhleb.
  3609 | D:5      | Found a broken altar of Ashenzari.
  3771 | D:5      | Reached XP level 7. HP: 40/67 MP: 7/7
  3799 | D:5      | Found a basalt altar of Yredelemnul.
  3991 | D:5      | Reached skill level 6 in Unarmed Combat
  4054 | D:6      | HP: 2/67 [howler monkey (6)]
  4055 | D:6      | Mangled by an ice beast

Illustrated notes

Levels and vault maps discovered:
D:1:      wander_arrival_lonely_grave, layout_loops_cross,
          hellmonk_ecumenical_altar_inner_sanctum, minmay_cupped
D:2:      layout_loops_corners
D:3:      layout_basic, vehumet_altar_wand_db,
          mainiacjoe_overflow_catwalk_spiral, minmay_misc_feat_encased
D:4:      layout_basic, nicolae_uskayaw_en_pointe, cheibrodos_worm_habitat,
          minmay_temple_entry_statues_fountains, minmay_crossroads
D:5:      layout_gridville, grunt_temple_overflow_champion_of_chaos,
          lemuel_zombie_altar_yredelemnul, ashenzari_conservatory_becter,
          corexii_leaking_fountain
D:6:      minmay_chambers_of_fours, layout_basic, kiku_gazebo_garden_becter,
          st_stairs_2, minmay_tree_intersection
Temple:   zaba_magenta_temple

Skill      XL: |  1  2  3  4  5  6  7 |
---------------+----------------------+-----
Fighting       | 3 |  3.5
Unarmed Combat | 4 5 6 |  6.1
Dodging        | 3 |  3.6
Spellcasting   | 1 |  1.3
Conjurations   | 1 |  1.5
Stealth        | |  1.4

Action                   |  1- 3 |  4- 6 |  7- 9 || total
-------------------------+-------+-------+-------++-------
Melee: Unarmed           |    90 |   158 |    24 ||   272
       Punch             |     1 |     2 |     2 ||     5
Throw: Boomerang         |       |       |     4 ||     4
  Use: Scroll            |       |     7 |       ||     7
       Potion            |       |       |     1 ||     1
 Stab: Sleeping          |     3 |     4 |       ||     7
Armor: Robe              |    27 |    60 |    10 ||    97
Dodge: Dodged            |    37 |    95 |     8 ||   140

Table legend: (Time is in decaauts)
 A = Elapsed time spent in this place.
 B = Non-inter-level travel time spent in this place.
 C = Inter-level travel time spent in this place.
 D = Time resting spent in this place.
 E = Time spent auto-exploring this place.
 F = Levels seen in this place.
 G = Mean time per level.
                   A        B        C        D        E       F      G
               +--------+--------+--------+--------+--------+-----+--------+
         Total |   4047 |   3844 |    203 |    385 |   2722 |   7 |  578.1 |
       Dungeon |   3971 |   3786 |    185 |    385 |   2672 |   6 |  661.8 |
        Temple |     76 |     58 |     18 |      0 |     50 |   1 |   76.0 |
               +--------+--------+--------+--------+--------+-----+--------+

Top non-repeatable levels by time:
     D:4: 1402 daAuts
     D:2: 820 daAuts
     D:5: 724 daAuts
     D:1: 690 daAuts
     D:3: 306 daAuts
  Temple: 76 daAuts
     D:6: 27 daAuts
